Map: Central Protocol

Players

HuGoAhaB - Winner!

  • Race: Protoss Protoss
  • League: Diamond

DoBaTron

  • Race: Zerg Zerg
  • League: Platinum

VOD

Have the link to the VOD?

Description

Time

  • Played on: March 4, 2016, 5:39 p.m.
  • Length: 17:55
Show
View Real Time Build Order
Export as new Build Order

HuGoAhaB Protoss - Winner!

Build Orders:  

Get SALT Encoding   

  12  0:03  Probe (Chrono Boost)  
  13  0:14  Probe (Chrono Boost)  
  14  0:24  Probe (Chrono Boost)  
  14  0:26  Pylon  
  15  0:44  Probe (Chrono Boost)  
  15  0:45  Gateway  
  16  0:55  Probe (Chrono Boost)  
  17  1:04  Assimilator  
  17  1:06  Pylon  
  17  1:08  Probe (Chrono Boost)  
  18  1:19  Probe (Chrono Boost)  
  19  1:29  Probe (Chrono Boost)  
  19  1:32  Cybernetics Core  
  20  1:48  Nexus  
  20  2:00  Pylon  
  20  2:04  Probe (Chrono Boost)  
  21  2:12  Assimilator  
  21  2:15  Mothership Core (Chrono Boost)  
  23  2:34  Gateway  
  22  2:45  Pylon, Probe (Chrono Boost)  
  23  2:55  Probe (Chrono Boost)  
  23  2:56  Warp Gate (Chrono Boost)  
  24  3:01  Probe  
  25  3:08  Probe  
  25  3:12  Probe  
  26  3:15  Pylon  
  27  3:20  Gateway  
  27  3:25  Adept, Probe  
  27  3:26  Probe  
  31  3:34  Assimilator  
  31  3:35  Probe  
  31  3:38  Probe  
  33  3:43  Pylon  
  33  3:50  Stargate  
  33  3:51  Stargate  
  33  3:53  Probe  
  34  3:58  Probe  
  35  4:05  Probe  
  35  4:08  Assimilator  
  35  4:09  Probe  
  37  4:18  Probe  
  37  4:19  Probe  
  39  4:30  Probe  
  39  4:31  Probe  
  40  4:34  Phoenix x2 (Chrono Boost)  
  45  4:42  Probe  
  45  4:43  Probe  
  45  4:45  Forge  
  47  4:54  Probe  
  47  4:56  Adept  
  47  4:57  Adept  
  47  4:59  Probe  
  53  5:06  Probe  
  54  5:08  Phoenix (Chrono Boost)  
  54  5:12  Phoenix (Chrono Boost)  
  58  5:21  Protoss Ground Weapons Level 1  
  58  5:22  Protoss Air Weapons Level 1  
  58  5:30  Gateway x2  
  58  5:48  Phoenix x2 (Chrono Boost)  
  62  6:08  Probe x2  
  64  6:16  Phoenix (Chrono Boost)  
  64  6:17  Phoenix (Chrono Boost)  
  68  6:20  Probe  
  69  6:26  Nexus  
  69  6:27  Twilight Council  
  69  6:28  Pylon  
  69  6:29  Pylon  
  69  6:32  Pylon  
  69  6:35  Pylon  
  69  7:02  Protoss Ground Weapons Level 2 (Chrono Boost)  
  69  7:04  Phoenix x2 (Chrono Boost)  
  73  7:22  Charge (Chrono Boost)  
  73  7:24  Zealot  
  73  7:25  Zealot x4  
  73  7:29  Probe  
  84  7:30  Probe  
  84  7:32  Phoenix  
  84  7:36  Phoenix  
  89  7:41  Probe  
  89  7:42  Probe  
  91  7:54  Probe x2  
  91  8:06  Probe  
  92  8:18  Adept x3  
  92  8:19  Zealot  
  100  8:20  Zealot  
  100  8:21  Probe  
  100  8:23  Probe x2  
  100  8:24  Assimilator  
  100  8:25  Gateway  
  105  8:28  Gateway  
  105  8:31  Photon Cannon  
  105  8:32  Probe  
  105  8:33  Gateway  
  106  8:35  Probe x2  
  106  8:36  Assimilator  
  106  8:37  Pylon  
  106  8:39  Templar Archives, Pylon  
  108  8:42  Robotics Facility x2  
  108  8:43  Probe  
  109  8:55  Adept x3  
  111  8:56  Zealot, Adept  
  117  9:43  High Templar x2  
  117  9:44  High Templar x2  
  117  9:45  Zealot  
  127  9:47  Immortal x2 (Chrono Boost)  
  127  9:49  Archon x2  
  127  9:50  Probe  
  127  9:51  Probe  
  127  9:52  Probe  
  138  10:01  Protoss Ground Weapons Level 3  
  138  10:04  Probe  
  138  10:05  Pylon  
  138  10:06  Pylon  
  139  10:08  Pylon  
  139  10:12  Gateway  
  139  10:14  Gateway x2  
  139  10:17  Pylon  
  139  10:19  Pylon, High Templar  
  141  10:28  High Templar  
  143  10:30  High Templar x2  
  143  10:31  Zealot x2  
  143  10:32  Zealot x2  
  143  10:34  Archon  
  143  10:35  Archon  
  155  10:45  Observer x2 (Chrono Boost)  
  157  10:51  Nexus  
  157  10:53  Pylon  
  157  10:56  Pylon  
  165  11:04  Immortal x2 (Chrono Boost)  
  165  11:18  High Templar x3  
  169  11:22  High Templar  
  169  11:23  Archon  
  169  11:24  Zealot  
  169  11:25  Zealot x3  
  181  11:27  Archon  
  181  11:34  Assimilator  
  181  11:38  Immortal x2 (Chrono Boost), Assimilator  
  189  11:40  Photon Cannon  
  189  11:41  Photon Cannon  
  189  11:44  Gateway x2  
  189  11:47  Gateway  
  129  12:15  Zealot x5  
  135  12:16  Zealot  
  135  12:17  Zealot x2  
  153  12:30  Immortal x2 (Chrono Boost)  
  153  12:37  High Templar x3  
  153  12:38  High Templar x3  
  121  13:10  Protoss Ground Armor Level 1 (Chrono Boost)  
  121  13:16  Archon x3  
  121  13:18  Zealot x5  
  121  13:19  Zealot x3  
  137  13:27  Immortal (Chrono Boost)  
  137  13:28  Immortal (Chrono Boost)  
  145  13:41  Zealot x4  
  149  13:42  Adept x3  
  159  13:49  Phoenix x2  
  140  14:42  High Templar  
  140  14:43  High Templar x3  
  140  14:44  Zealot x5  
  140  14:45  Zealot x3  
  164  14:47  Archon x2  
  164  14:52  Adept  
  165  14:53  Adept  
  163  15:08  Photon Cannon  
  163  15:11  Photon Cannon  
  163  15:14  Phoenix x2  
  145  16:18  Phoenix x2  
  145  17:08  High Templar  
  145  17:09  High Templar x3  
  145  17:10  High Templar  
  145  17:12  Archon  
  145  17:13  Archon  
  145  17:14  High Templar  
  145  17:15  Zealot x5  
  145  17:16  Zealot x3  
  145  17:20  Archon  
  145  17:24  Assimilator  
  145  17:28  Assimilator  
  145  17:29  Nexus  
  145  17:30  Nexus  
  145  17:33  Pylon  
Show
View Real Time Build Order
Export as new Build Order

DoBaTron Zerg 

Build Orders: Hatch First, Lurkers 

Get SALT Encoding   

  12  0:04  Drone  
  13  0:19  Overlord  
  13  0:25  Drone  
  14  0:38  Drone x2  
  16  0:43  Drone  
  17  0:58  Drone, Hatchery  
  17  1:02  Extractor  
  16  1:05  Drone  
  17  1:14  Drone  
  18  1:23  Spawning Pool  
  17  1:25  Drone  
  18  1:35  Overlord  
  18  1:46  Drone  
  19  1:56  Drone  
  20  2:08  Drone  
  21  2:09  Queen  
  21  2:11  Metabolic Boost  
  23  2:17  Queen  
  23  2:20  Zergling x2  
  23  2:22  Drone  
  27  2:24  Drone  
  28  2:30  Overlord  
  28  2:42  Overlord  
  28  2:44  Drone x2  
  30  2:59  Drone x2  
  30  3:01  Overlord  
  32  3:17  Drone  
  32  3:18  Drone x5  
  38  3:22  Queen  
  38  3:25  Hatchery  
  39  3:32  Evolution Chamber  
  38  3:35  Roach Warren  
  38  3:37  Drone x2  
  38  3:39  Drone  
  40  3:42  Drone  
  40  3:44  Drone  
  40  3:48  Extractor  
  41  3:49  Extractor  
  41  3:50  Overlord  
  41  3:53  Drone x2  
  42  4:01  Zerg Missile Weapons Level 1  
  42  4:05  Drone x4  
  46  4:20  Overlord x2  
  46  4:22  Drone x2  
  48  4:26  Lair  
  48  4:35  Drone x3  
  48  4:36  Drone x2  
  48  4:37  Queen  
  55  4:47  Extractor  
  55  4:52  Spore Crawler  
  53  4:53  Spore Crawler  
  53  4:55  Spore Crawler x2  
  53  4:57  Drone  
  51  5:05  Spore Crawler  
  51  5:06  Drone x2, Spore Crawler  
  51  5:07  Drone  
  52  5:08  Drone  
  53  5:15  Overlord  
  53  5:17  Drone x2  
  53  5:18  Drone  
  57  5:28  Drone x3  
  57  5:29  Drone x4  
  63  5:35  Hydralisk Den  
  63  5:42  Drone x4  
  66  5:43  Drone x3  
  67  5:52  Queen  
  69  5:57  Overlord  
  69  6:00  Overlord  
  69  6:01  Drone x4  
  73  6:11  Muscular Augments  
  73  6:14  Drone x2  
  73  6:15  Overlord  
  75  6:41  Hydralisk x2  
  75  6:42  Hydralisk x3  
  75  6:44  Hydralisk x3  
  75  6:45  Hydralisk x2  
  93  6:55  Hydralisk x5  
  93  6:56  Hydralisk  
  93  6:58  Queen  
  105  7:04  Drone  
  105  7:06  Overlord  
  105  7:08  Queen  
  106  7:10  Extractor x2  
  100  7:25  Infestation Pit  
  99  7:30  Drone  
  99  7:31  Drone x7  
  99  7:36  Spore Crawler  
  106  7:53  Spire  
  106  7:56  Zerg Ground Armor Level 1  
  102  8:00  Evolution Chamber  
  99  8:07  Overseer  
  97  8:16  Queen  
  99  8:20  Drone x3  
  99  8:21  Drone x3  
  105  8:28  Hydralisk x3  
  105  8:29  Hydralisk  
  105  8:31  Overlord x2  
  105  8:32  Overlord x6  
  105  8:33  Overlord  
  113  8:35  Hatchery  
  113  8:37  Zerg Missile Weapons Level 2  
  112  8:42  Hatchery  
  112  8:43  Spore Crawler  
  112  8:45  Burrow  
  112  8:46  Lurker Den, Spore Crawler  
  112  8:48  Spore Crawler  
  108  8:58  Overlord  
  108  8:59  Overlord  
  108  9:08  Hydralisk  
  108  9:09  Hydralisk x6  
  120  9:17  Zerg Flyer Weapons Level 1  
  120  9:43  Hive  
  120  9:45  Roach  
  122  9:46  Roach x14  
  122  9:47  Roach  
  122  9:49  Drone x2  
  154  10:02  Roach x4  
  154  10:03  Roach  
  164  10:09  Zerg Ground Armor Level 2  
  164  10:16  Corruptor x2  
  164  10:17  Corruptor  
  164  10:19  Lurker  
  164  10:20  Lurker  
  172  10:22  Lurker  
  172  10:23  Drone  
  172  10:24  Drone  
  172  10:27  Drone  
  176  10:37  Queen, Drone x2  
  180  10:47  Lurker  
  180  10:48  Lurker  
  180  10:49  Overlord  
  182  10:55  Spore Crawler  
  182  10:56  Spore Crawler  
  180  11:02  Pathogen Glands  
  180  11:09  Zerg Melee Weapons Level 1  
  180  11:10  Ultralisk Cavern  
  176  11:54  Roach x2, Hydralisk x5  
  155  11:55  Roach x4, Hydralisk x4  
  155  11:56  Roach x3  
  163  12:04  Roach, Hydralisk x4  
  163  12:05  Roach x4, Hydralisk x4  
  163  12:06  Roach x3  
  147  12:18  Extractor  
  147  12:19  Extractor  
  147  12:22  Hydralisk  
  147  12:23  Roach x3  
  147  12:28  Roach, Hydralisk  
  157  12:30  Hatchery, Overlord  
  144  12:53  Roach x2, Hydralisk x4  
  144  12:54  Roach x3  
  106  13:06  Hydralisk x4  
  106  13:08  Zergling x4  
  114  13:15  Hydralisk x2  
  112  13:29  Ultralisk  
  112  13:33  Chitinous Plating  
  118  13:34  Zerg Melee Weapons Level 2  
  118  13:56  Ravager  
  119  14:03  Ultralisk x2  
  119  14:04  Ultralisk  
  119  14:08  Zergling x6  
  120  14:31  Hydralisk x6  
  89  14:32  Hydralisk  
  89  14:33  Zergling x2  
  94  14:40  Zergling x6  
  94  14:41  Zergling x2  
  89  14:58  Hydralisk x4  
  90  15:28  Zergling x10  
  90  15:29  Zergling x12  
Tags
 
Add a new tag
Caveats
  • Supply blocks, unpowered buildings, or Contaminate may cause inaccurate times.
  • Supply counts are checked every 10 seconds.